 Dungeon Crawl Stone Soup version 0.31-a0-1620-gcbf77bb (webtiles) character file.

Game seed: 5800779008805250755

65270 PidgeyThePirate the Nimble (level 14, -30/123 HPs)
             Began as a Demonspawn Alchemist on Jan 11, 2024.
             Was an Elder of Ashenzari.
             Killed from afar by a will-o-the-wisp (45 damage)
             ... with a foxfire
             ... on level 1 of the Swamp.
             The game lasted 00:58:43 (19517 turns).

PidgeyThePirate the Nimble (Demonspawn Alchemist)  Turns: 19517, Time: 00:58:44

Health: -30/123    AC: 22    Str: 11    XL:     14   Next: 74%
Magic:  47/47      EV: 16    Int: 20    God:    Ashenzari [****..]
Gold:   1679       SH:  0    Dex: 13    Spells: 28/35 levels left

rFire   x . .        w - +10 dagger "Enlightened Chagrin" {elec, MP+9 Str-2 Int+3, Elem, Fort} (curse)
rCold   + + .        (no shield)
rNeg    . . .        T - +4 swamp dragon scales
rPois   +            s - +0 helmet "Behold Eternity" {Self, Sorc} (curse)
rElec   .            j - +0 cloak "I Knew You'd Do That" {Elem, Cun} (curse)
rCorr   .            (no gloves)
SInv    +            B - +0 pair of boots of Ashenzari's Sybil {Self, Cun} (curse)
Will    +....        h - amulet of the Chained Pantheism {Acrobat, Bglg, Sorc} (curse)
Stlth   ++++         L - ring of Ashenzari's Inaction {MP+9, Self, Dev} (curse)
HPRegen 0.40/turn    R - ring of ice
MPRegen 0.30/turn

%: acrobat, clarity
@: no status effects
A: icy blue scales 3, foul stench 1, powered by death 2, demonic touch 2
a: Renounce Religion, Shatter the Chains


You were on level 1 of the Swamp.
You worshipped Ashenzari.
Ashenzari was greatly pleased with you.
You visited 4 branches of the dungeon, and saw 19 of its levels.
You also visited: Ossuary and Ice Cave.

You collected 1679 gold pieces.

Inventory:

Hand Weapons
 w - the cursed +10 dagger "Enlightened Chagrin" (weapon) {elec, MP+9 Str-2 Int+3, Elem, Fort}
   (You found it on level 3 of the Dungeon)

   Str-2:     It affects your strength (-2).
   Int+3:     It affects your intelligence (+3).
   MP+9:      It affects your magic capacity (+9).
   It has a curse which improves the following skills: Elements: Fire Magic, Ice
   Magic, Air Magic and Earth Magic.
   Fortitude: Armour and Shields.
Armour
 j - the cursed +0 cloak "I Knew You'd Do That" (worn) {Elem, Cun}
   (You found it on level 2 of the Dungeon)

   It has a curse which improves the following skills: Elements: Fire Magic, Ice
   Magic, Air Magic and Earth Magic.
   Cunning:   Dodging and Stealth.
 n - the +3 leather armour of Wuodefee {Will+ Regen+ Str+3 Int-3}
   (You found it on level 2 of the Dungeon)

   Str+3:     It affects your strength (+3).
   Int-3:     It affects your intelligence (-3).
   Will+:     It increases your willpower.
   Regen+:    It increases your rate of health regeneration.
 s - the cursed +0 helmet "Behold Eternity" (worn) {Self, Sorc}
   (You found it on level 3 of the Dungeon)

   It has a curse which improves the following skills: Introspection: Fighting
   and Spellcasting.
   Sorcery:   Conjurations and Alchemy.
 B - the cursed +0 pair of boots of Ashenzari's Sybil (worn) {Self, Cun}
   (You found it on level 5 of the Dungeon)

   It has a curse which improves the following skills: Introspection: Fighting
   and Spellcasting.
   Cunning:   Dodging and Stealth.
 K - a +1 helmet of intelligence
 T - +4 swamp dragon scales (worn)
Jewellery
 h - the cursed amulet of the Chained Pantheism (around neck) {Acrobat, Bglg, Sorc}
   (You found it on level 11 of the Dungeon)

   [amulet of the acrobat]

   Acrobat:   It increases your evasion while moving and waiting.
   It has a curse which improves the following skills: Beguiling: Hexes and
   Translocations.
   Sorcery:   Conjurations and Alchemy.
 p - a +6 ring of dexterity
 C - a ring of protection from fire
 L - the cursed ring of Ashenzari's Inaction (left hand) {MP+9, Self, Dev}
   (You found it on level 8 of the Dungeon)

   [ring of magical power]

   MP+9:      It affects your magic capacity (+9).
   It has a curse which improves the following skills: Introspection: Fighting
   and Spellcasting.
   Devices:   Evocations and Shapeshifting.
 Q - a ring of flight
 R - a ring of ice (right hand)
 S - a ring of protection from fire
Wands
 y - a wand of iceblast (11)
 A - a wand of flame (35)
 H - a wand of paralysis (11)
 M - a wand of light (20)
 N - a wand of mindburst (10)
 P - a wand of digging (7)
Scrolls
 e - 3 scrolls of immolation
 f - 4 scrolls of amnesia
 g - 4 scrolls of enchant weapon
 i - 8 scrolls of teleportation
 k - 3 scrolls of fear
 l - a scroll of enchant armour
 q - 5 scrolls of noise
 r - 5 scrolls of poison
 u - 2 scrolls of torment
 v - 3 scrolls of brand weapon
 F - 3 scrolls of revelation
 I - a scroll of silence
 J - 2 scrolls of fog
Potions
 a - 4 potions of mutation
 b - 2 potions of magic
 c - 2 potions of ambrosia
 m - 5 potions of enlightenment
 o - 2 potions of haste
 t - 3 potions of attraction
 x - 7 potions of curing
 z - 5 potions of lignification
 D - a potion of cancellation
 E - 5 potions of brilliance
 G - 4 potions of resistance
Miscellaneous
 O - a condenser vane


   Skills:
 + Level 11.8(15.4) Fighting
 - Level 9.3 Short Blades
 + Level 8.6(10.5) Armour
 + Level 11.8(14.5) Dodging
 + Level 8.8(11.6) Stealth
 + Level 0.2 Unarmed Combat
 - Level 7.7(11.3) Spellcasting
 + Level 2.5(4.7) Conjurations
 + Level 1.2(2.9) Air Magic
 * Level 9.6(12.3) Alchemy
 + Level 0.5(1.3) Evocations


You had 28 spell levels left.
You knew the following spells:

 Your Spells              Type           Power      Damage    Failure   Level
a - Sting                 Conj/Alch      100%       1d9       1%          1
b - Mercury Vapours       Alch/Air       82%        N/A       1%          2
c - Olgreb's Toxic Radia  Alch           57%        N/A       1%          4

Your spell library contained the following spells:

 Spells                   Type           Power      Damage    Failure   Level
 Magic Dart               Conj           100%       1d8       1%          1
 Mephitic Cloud           Conj/Alch/Air  38%        N/A       2%          3
 Momentum Strike          Conj/Tloc      42%        3d9       7%          2
 Sticky Flame             Fire/Alch      36%        2d8       9%          4
 Freeze                   Ice            76%        1d8       11%         1
 Summon Small Mammal      Summ           44%        N/A       12%         1
 Hailstorm                Conj/Ice       32%        3d8       13%         3
 Blink                    Tloc           24%        N/A       17%         2
 Jinxbite                 Hex            24%        N/A       17%         2
 Lesser Beckoning         Tloc           24%        N/A       17%         2
 Call Imp                 Summ           22%        N/A       19%         2
 Sublimation of Blood     Necr           11%        N/A       19%         2
 Yara's Violent Unravell  Hex/Alch       18%        3d9       26%         5
 Frozen Ramparts          Ice            38%        1d6       30%         3
 Ozocubu's Armour         Ice            19%        N/A       30%         3
 Call Canine Familiar     Summ           11%        N/A       34%         3
 Fugue of the Fallen      Necr           11%        N/A       34%         3
 Vhi's Electric Charge    Tloc/Air       34%        N/A       52%         4
 Manifold Assault         Tloc           12%        N/A       73%         4
 Summon Blazeheart Golem  Fire/Summ      12%        N/A       73%         4
 Enfeeble                 Hex            6%         N/A       100%        7
 Summon Hydra             Summ           5%         N/A       100%        7
 Chain Lightning          Conj/Air       13%        3d17      100%        9
 Fire Storm               Conj/Fire      10%        8d3       100%        9
 Shatter                  Erth           6%         3d9*      100%        9


Dungeon Overview and Level Annotations

Branches:
Dungeon (12/15)            Temple (1/1) D:5            Lair (5/5) D:10
  Swamp (1/4) Lair:2       Spider (0/4) Lair:2        Slime (0/5) Lair:5
    Orc (0/2) D:12        Ossuary (visited)           IceCv (visited)

Altars:
Ashenzari
Cheibriados
Dithmenos
Fedhas
Gozag
Hepliaklqana
Kikubaaqudgha
Makhleb
Nemelex Xobeh
Okawaru
Qazlal
Ru
Sif Muna
Trog
Uskayaw
Vehumet
Wu Jian
Xom
Yredelemnul
Jiyva

Shops:
D:4 [   D:12 *[[:

Annotations:
D:5 2 runed translucent doors, ironshield's ghost, novice HOFi
D:9 1 runed translucent door


Innate Abilities, Weirdness & Mutations

You are completely covered in icy blue scales. (AC +4, rC+)
You may rarely emit foul miasma when damaged in melee.
You regenerate health from kills.
Your touch may inflict irresistible damage on your foes.


Message History

V - a staff of cold
There is a viscous altar of Jiyva here.
There is an ice choked empty arch of ancient stone here.
There is an ice covered gate leading back out of this place here.
Welcome back to the Swamp!
There is a collapsed entrance here.
You drop a scroll of vulnerability.
You drop a staff of alchemy.
You drop a staff of cold.
A will-o-the-wisp comes into view.
The will-o-the-wisp gives a chilling moan.
You see here 16 gold pieces.
You now have 1679 gold pieces (gained 16).
The will-o-the-wisp gestures.
The will-o-the-wisp conjures some marshlight! 2 foxfires come into view.
You miss the tyrant leech. The foxfire hits you!! The fire burns you terribly!
The tyrant leech misses you.
The will-o-the-wisp gestures.
The will-o-the-wisp conjures some marshlight!
A foxfire comes into view.
You miss the tyrant leech. The foxfire hits you!! The fire burns you terribly!
A foxfire comes into view.
You hit the tyrant leech.
The tyrant leech is lightly wounded.
The foxfire hits you! The fire burns you terribly! The tyrant leech bites you!!
The tyrant leech draws strength from your injuries!
You emit a cloud of foul miasma!
The foxfire hits you!!! The fire burns you terribly!
* * * LOW HITPOINT WARNING * * *
The will-o-the-wisp gestures.
The will-o-the-wisp conjures some marshlight!
The tyrant leech is engulfed in dark miasma.
The tyrant leech is poisoned.
The tyrant leech completely misses you. 2 foxfires come into view.
As you read the scroll of fear, it crumbles to dust.
You assume a fearsome visage.
The foxfire is unaffected.
The will-o-the-wisp is unaffected.
The tyrant leech looks frightened!
The foxfire is unaffected.
The foxfire hits you!!! The fire burns you terribly!
You die...

~,,,,,*♣~.* *...,,*#.....
~,*,,**♣~~♣♣♣♣..♣***#.....
,**,~* ♣~~~♣♣[♣.♣ ##...#
**♣,,*♣♣~~.♣♣.♣.♣ ♣♣♣##.##
♣.~,♣.~~..♣~♣.♣♣♣..~.~(♣
*♣.*♣.~.~..~.....~~.♣~♣♣
♣..♣..~~~......~.♣..♣♣*
*{♣.~~~~.<÷.§.~~.~~.♣~*
*,♣♣♣.@..♣~~÷.~~.~~.♣,*
*,* ♣wv~.~~~~...♣♣.§♣,*
*,**♣§♣~.~~~~~♣♣♣♣~~.~,
*,*♣v§.~>.~..♣♣ ♣...~♣
**,♣.~§§.~~~~♣♣ ♣♣..♣♣
***~~~.~~§.~§♣.♣** *,,*
**,~.♣~~..v~..~..*****,~**
,,,~.~...♣~.~~~.♣,,~~,~~
,*~~~~,,*,*,~~~,~,~


You could see a tyrant leech (fleeing, poisoned) and a will-o-the-wisp.

Vanquished Creatures
  Kirke (Lair:3)
  A rockslime (IceCv)
  3 azure jellies (IceCv)
  4 quicksilver oozes (IceCv)
  A dire elephant (Lair:5)
  Snorg (Lair:3)
  4 hydras (Lair:4)
  2 catoblepae (Lair:5)
  2 alligators (Swamp:1)
  3 two-headed ogres
  2 boulder beetles
  A deep troll shaman (Lair:5)
  11 death yaks
  Sonja (Lair:2)
  6 skysharks
  An orange crystal statue (IceCv)
  2 bog bodies (Lair:2)
  2 lindwurms (Lair:2)
  Pikel (D:7)
  A deep elf pyromancer (D:10)
  An ugly thing (D:12)
  A cyclops (D:12)
  4 black mambas
  4 elephants (Lair:5)
  Joseph (D:9)
  An ice statue (Swamp:1)
  Maggie (Lair:2)
  A kobold demonologist (D:12)
  A torpor snail (Lair:5)
  13 cane toads
  An unseen horror (D:10)
  5 komodo dragons
  3 rime drakes (Lair:4)
  3 trolls
  2 polar bears
  Prince Ribbit (D:9)
  4 dream sheep (Lair:5)
  8 blink frogs
  15 slime creatures (IceCv)
  8 wyverns
  38 yaks
  2 redbacks (Lair:2)
  8 basilisks
  2 wargs (D:12)
  A fire bat (D:7)
  A hog (Lair:3)
  A steam dragon (D:8)
  Edmund (D:6)
  4 acid dragons
  8 great orb of eyes simulacra (IceCv)
  A hell hound (Lair:4)
  3 orc warriors
  10 water moccasins
  An ice beast (D:7)
  2 sky beasts (D:7)
  3 black bears
  11 wolves
  2 centaurs
  2 phantoms
  An elf zombie (Ossuary)
  7 kobold brigands
  4 slime creature simulacra (IceCv)
  Blork the orc (D:6)
  9 bullfrogs
  A weeping skull (Ossuary)
  3 glowing shapeshifter simulacra (IceCv)
  5 scorpions
  7 wights (D:10)
  A burial acolyte (Ossuary)
  7 killer bees
  3 howler monkeys
  2 bombardier beetles
  2 electric eels
  3 hounds
  A centaur zombie (Ossuary)
  A jelly (D:8)
  4 sleepcaps
  10 orc priests
  3 iguanas
  19 orc wizards
  5 hell rats (Lair:4)
  4 mummies
  Robin (D:3)
  2 gnolls
  14 adders
  A white imp (D:3)
  4 ufetubi
  3 ribbon worms
  4 dart slugs
  40 orcs
  7 bats
  9 endoplasms
  2 giant cockroaches
  A gnoll zombie (Ossuary)
  18 goblins
  10 hobgoblins
  37 kobolds
  6 quokkas
  7 ball pythons
  4 frilled lizards
  A hobgoblin zombie (D:6)
  2 kobold zombies (Ossuary)
  4 orc zombies
  8 rats
  A spectral orc (D:7)
518 creatures vanquished.

Vanquished Creatures (others)
  A bullfrog (Lair:3)
  4 foxfires (Swamp:1)
5 creatures vanquished.

Grand Total: 523 creatures vanquished

Notes
Turn   | Place    | Note
-------+----------+-------------------------------------------
     0 | D:1      | PidgeyThePirate the Demonspawn Alchemist began the quest
                  | for the Orb.
     0 | D:1      | Reached XP level 1. HP: 13/13 MP: 3/3
   289 | D:1      | Gained mutation: You are partially covered in icy blue
                  | scales. (AC +2) [demonic ancestry]
   289 | D:1      | Reached XP level 2. HP: 19/19 MP: 3/5
   525 | D:1      | Found a faded altar of an unknown god.
   960 | D:2      | Gained mutation: Your touch may inflict minor irresistible
                  | damage on your foes. [demonic ancestry]
   960 | D:2      | Reached XP level 3. HP: 24/24 MP: 4/6
  1462 | D:2      | Identified the +0 ring mail of the Mertaur {Rampage rElec
                  | SInv}
  1497 | D:2      | Gained mutation: You regenerate a little health from kills.
                  | [demonic ancestry]
  1497 | D:2      | Reached XP level 4. HP: 30/30 MP: 4/7
  1911 | D:2      | Identified the +3 leather armour of Wuodefee {Will+ Regen+
                  | Str+3 Int-3}
  2226 | D:3      | Gained mutation: You may rarely emit foul miasma when
                  | damaged in melee. [demonic ancestry]
  2226 | D:3      | Reached XP level 5. HP: 35/35 MP: 5/9
  2616 | D:3      | Reached skill level 1 in Armour
  2676 | D:3      | Noticed Robin
  2702 | D:3      | Killed Robin
  2703 | D:3      | Reached skill level 1 in Short Blades
  3009 | D:3      | Learned a level 2 spell: Mercury Vapours
  3089 | D:3      | Identified the +10 dagger "Sywkoh" {elec, MP+9 Str-2 Int+3}
  3347 | D:4      | Found a blossoming altar of Fedhas.
  3361 | D:4      | Found Kudwi's Armour Shoppe.
  3378 | D:4      | Gained mutation: You regenerate health from kills. [demonic
                  | ancestry]
  3378 | D:4      | Reached XP level 6. HP: 41/41 MP: 10/10
  3753 | D:4      | Reached XP level 7. HP: 47/47 MP: 12/12
  4032 | D:5      | Entered Level 5 of the Dungeon
  4224 | D:5      | Found a large runed translucent door.
  4224 | D:5      | Found a large runed translucent door.
  4228 | D:5      | Noticed ironshield's ghost (novice HOFi)
  4281 | D:5      | Found a staircase to the Ecumenical Temple.
  4296 | Temple   | Entered the Ecumenical Temple
  4311 | Temple   | Became a worshipper of Ashenzari the Shackled
  4488 | D:5      | Reached skill level 1 in Fighting
  4649 | D:6      | Noticed Blork the orc
  4658 | D:6      | Killed Blork the orc
  4704 | D:6      | Found a sand-covered staircase.
  4711 | Ossuary  | Entered an ossuary
  4754 | Ossuary  | Gained mutation: Your touch may inflict irresistible damage
                  | on your foes. [demonic ancestry]
  4754 | Ossuary  | Reached XP level 8. HP: 54/54 MP: 13/13
  4828 | Ossuary  | Reached skill level 5 in Short Blades
  5146 | D:6      | Noticed Edmund
  5153 | D:6      | Killed Edmund
  5826 | D:7      | Reached XP level 9. HP: 61/61 MP: 14/14
  5926 | D:7      | Noticed Pikel
  5947 | D:7      | Killed Pikel
  6110 | D:7      | Found a shimmering altar of Xom.
  6144 | D:7      | Found a hazy altar of Hepliaklqana.
  6415 | D:8      | Reached skill level 5 in Dodging
  6784 | D:8      | Found an ancient bone altar of Kikubaaqudgha.
  7120 | D:8      | Found a hide-covered altar of Uskayaw.
  7121 | D:8      | Noticed a +0 dagger
  7121 | D:8      | Noticed a +0 hand axe
  7129 | D:8      | Reached XP level 10. HP: 63/71 MP: 16/16
  7239 | D:9      | Noticed Joseph
  7253 | D:9      | Killed Joseph
  7365 | D:9      | Found a runed translucent door.
  7368 | D:9      | Noticed a sixfirhy
  7583 | D:9      | Noticed Prince Ribbit
  7603 | D:9      | Killed Prince Ribbit
  7642 | D:9      | Found a shimmering blue altar of Sif Muna.
  7671 | D:9      | Reached * piety under Ashenzari
  8067 | D:10     | Entered Level 10 of the Dungeon
  8152 | D:10     | Found a sparkling altar of Nemelex Xobeh.
  8327 | D:10     | Found a staircase to the Lair.
  8416 | D:10     | Noticed a boulder beetle
  8438 | D:10     | Killed a boulder beetle
  8439 | D:10     | Reached skill level 5 in Armour
  8444 | D:10     | Reached ** piety under Ashenzari
  8480 | D:10     | Noticed a deep elf pyromancer
  8522 | D:10     | Learned a level 4 spell: Olgreb's Toxic Radiance
  8532 | D:10     | Killed a deep elf pyromancer
  8533 | D:10     | Reached skill level 5 in Fighting
  8583 | D:10     | Found a sacrificial altar of Ru.
  8741 | D:10     | Found a shadowy altar of Dithmenos.
  8805 | D:10     | Found an iron altar of Okawaru.
  9046 | D:11     | Reached skill level 5 in Spellcasting
  9046 | D:11     | Gained mutation: You are mostly covered in icy blue scales.
                  | (AC +3) [demonic ancestry]
  9046 | D:11     | Reached XP level 11. HP: 84/84 MP: 21/21
  9153 | D:11     | Noticed a two-headed ogre
  9165 | D:11     | Killed a two-headed ogre
  9203 | D:11     | Noticed a two-headed ogre
  9220 | D:11     | Killed a two-headed ogre
  9221 | D:11     | Reached skill level 5 in Stealth
  9481 | D:12     | Found Plog's Antique Armour Emporium.
  9488 | D:12     | Found Doshir's Assorted Antiques.
  9600 | D:12     | Noticed a two-headed ogre
  9606 | D:12     | Killed a two-headed ogre
  9764 | D:12     | Found Poqag's Assorted Antiques.
  9791 | D:12     | Noticed a red ugly thing
  9812 | D:12     | Killed a red ugly thing
  9825 | D:12     | Identified the Atlas of the Radish
  9978 | D:12     | Found a staircase to the Orcish Mines.
 10117 | D:12     | Found Aqiwew's Antique Armour Shop.
 10148 | D:12     | Found Posidec's Book Shoppe.
 10470 | Lair:1   | Entered Level 1 of the Lair of Beasts
 10501 | Lair:1   | Noticed a boulder beetle
 10517 | Lair:1   | Killed a boulder beetle
 10705 | Lair:1   | Reached skill level 5 in Alchemy
 11078 | Lair:1   | Reached XP level 12. HP: 95/95 MP: 24/24
 11357 | Lair:1   | Found a stormy altar of Qazlal.
 11737 | Lair:2   | Noticed Sonja
 11746 | Lair:2   | Killed Sonja
 11853 | Lair:2   | Noticed Maggie
 11867 | Lair:2   | Killed Maggie
 11878 | Lair:2   | Reached *** piety under Ashenzari
 11946 | Lair:2   | Found a hole to the Spider Nest.
 12183 | Lair:2   | Found a staircase to the Swamp.
 12202 | Lair:2   | HP: 4/98 [bog body (28)]
 12730 | Lair:3   | Noticed Snorg
 12749 | Lair:3   | Killed Snorg
 12757 | Lair:3   | Reached **** piety under Ashenzari
 13176 | Lair:3   | Noticed Kirke
 13203 | Lair:3   | Killed Kirke
 13757 | Lair:4   | Reached XP level 13. HP: 99/109 MP: 28/28
 14217 | Lair:4   | Reached skill level 10 in Dodging
 15372 | Lair:5   | Entered Level 5 of the Lair of Beasts
 16173 | Lair:4   | Reached skill level 10 in Fighting
 17130 | Lair:5   | Gained mutation: You are completely covered in icy blue
                  | scales. (AC +4, rC+) [demonic ancestry]
 17130 | Lair:5   | Reached XP level 14. HP: 98/120 MP: 29/29
 17611 | Lair:5   | Reached skill level 1 in Air Magic
 17722 | Lair:5   | Found a viscous altar of Jiyva.
 17722 | Lair:5   | Found a staircase to the Slime Pits.
 18469 | Swamp:1  | Entered Level 1 of the Swamp
 18490 | Swamp:1  | Found a glacial archway.
 18504 | IceCv    | Entered an ice cave
 18579 | IceCv    | Noticed a quicksilver ooze
 18591 | IceCv    | Killed a quicksilver ooze
 18592 | IceCv    | Noticed a quicksilver ooze
 18710 | IceCv    | Killed a quicksilver ooze
 19087 | IceCv    | Noticed a quicksilver ooze
 19101 | IceCv    | Killed a quicksilver ooze
 19187 | IceCv    | Noticed a quicksilver ooze
 19210 | IceCv    | Killed a quicksilver ooze
 19226 | IceCv    | Noticed a rockslime
 19228 | IceCv    | Found a viscous altar of Jiyva.
 19228 | IceCv    | Noticed an azure jelly
 19231 | IceCv    | Noticed an azure jelly
 19231 | IceCv    | Noticed an azure jelly
 19233 | IceCv    | Killed a rockslime
 19246 | IceCv    | Killed an azure jelly
 19361 | IceCv    | Killed an azure jelly
 19370 | IceCv    | Identified the Volume of the Winter
 19381 | IceCv    | Killed an azure jelly
 19517 | Swamp:1  | Killed from afar by a will-o-the-wisp

Illustrated notes

Levels and vault maps discovered:
D:1:      dpeg_arrival_stonehenge_12_columns, layout_loops_ring,
          hellmonk_ecumenical_altar_zigzags, minmay_misc_feat_iff
D:2:      layout_basic, wad_orctagon
D:3:      layout_loops_corners, minmay_quantized, uniq_robin
D:4:      layout_cave_pods, fedhas_ov_isle_minmay, serial_shops,
          nicolae_diamond_shop, kennysheep_opposing_triangles
D:5:      layout_rooms, minmay_temple_entry_overgrown,
          ebering_ghost_disaster_area
D:6:      layout_basic, mainiacjoe_overflow_small_starburst,
          nicolae_ossuary_entry_giza, uniq_edmund, uniq_blork_the_orc
D:7:      layout_rooms, nicolae_hepliaklqana_monster_ancestors,
          regret_index_xom_of_box, grunt_ministairs_2, uniq_pikel
D:8:      layout_basic, kiku_gazebo_garden_becter, dancing_weapons_uskayaw
D:9:      cheibrodos_shockbox, layout_basic, old_standard_altar,
          uniq_prince_ribbit1, uniq_joseph
D:10:     layout_basic, mainiacjoe_overflow_alcove_4,
          minmay_overflow_temple_star_quad, nemelex_xobeh_ov_fountains_minmay,
          dpeg_oklobed_lair, guppyfry_early_elven_hall
D:11:     layout_cave_pools
D:12:     layout_long_grid, erik_orc_4, serial_shops, kennysheep_mini_moat,
          shop, nicolae_shop_rolling_square, shop, nicolae_shop_statue_plus,
          minmay_between
Temple:   eino_temple_lava
Lair:1:   layout_long_grid, basic_altar, infiniplex_staircase_pool_2,
          serial_bayou_shore_a, grunt_megastairs_1
Lair:2:   layout_gridlike, skrybe_swamp_entry_bodies, spider_nest_entry_webs,
          uniq_maggie, uniq_sonja
Lair:3:   layout_misc_corridors, uniq_snorg, uniq_kirke
Lair:4:   layout_gridlike, special_room [special_room_mythical_zoo],
          lemuel_fruit_tree, infiniplex_staircase_pool
Lair:5:   grunt_lair_end_beastmaster, layout_regular_city, slime_entry_1,
          nicolae_quartered_pool_impasse, grunt_megastairs_5
Swamp:1:  layout_falls_marsh, portal_ice_cave_entry_ice_statue_one,
          evilmike_swamp_ruin_house_1

Skill      XL: |  1  2  3  4  5  6  7  8  9 10 11 12 13 14 |
---------------+-------------------------------------------+-----
Dodging        | 2 3 5 6 8 9 11 | 11.8
Stealth        | 2 3 4 5 6 7 8 |  8.8
Conjurations   | 2 |  2.5
Alchemy        | 4 5 8 9 |  9.6
Armour         | 1 2 3 4 5 6 7 8 |  8.6
Spellcasting   | 3 5 6 7 |  7.7
Short Blades   | 2 3 4 6 8 9 |  9.3
Fighting       | 1 2 3 5 7 8 10 11 | 11.8
Air Magic      | 1 |  1.2
Unarmed Combat | |  0.2
Evocations     | |  0.5

Action                     |  1- 3 |  4- 6 |  7- 9 | 10-12 | 13-15 || total
---------------------------+-------+-------+-------+-------+-------++-------
  Melee: Unarmed           |     8 |       |       |       |       ||     8
         Touch             |     2 |    17 |    35 |   124 |   155 ||   333
         Short sword       |       |    81 |       |       |       ||    81
         Dagger            |       |    42 |   271 |   620 |   717 ||  1650
         Punch             |       |       |     3 |    13 |    18 ||    34
   Cast: Sting             |    51 |    35 |       |       |       ||    86
         Olgreb's Toxic Ra |       |       |       |     5 |    10 ||    15
         Mercury Vapours   |       |       |       |       |     5 ||     5
 Invoke: Curse Item        |       |       |     1 |     6 |       ||     7
         Shatter the Chain |       |       |       |       |     1 ||     1
  Evoke: Wand              |       |       |       |     1 |       ||     1
         Condenser vane    |       |       |       |     1 |       ||     1
    Use: Scroll            |       |       |    11 |     1 |     8 ||    20
         Potion            |       |       |       |     7 |     4 ||    11
   Stab: Sleeping          |       |     1 |     4 |     8 |    13 ||    26
         Paralysed         |       |       |       |     1 |       ||     1
         Invisible         |       |       |       |       |     1 ||     1
         Distracted        |       |       |       |       |     1 ||     1
 Armour: Robe              |    22 |       |       |       |       ||    22
         Leather armour    |     6 |    87 |   162 |       |       ||   255
         Acid dragon scale |       |       |    15 |   292 |   299 ||   606
         Swamp dragon scal |       |       |       |       |   122 ||   122
  Dodge: Dodged            |    33 |    89 |   149 |   316 |   478 ||  1065

Table legend: (Time is in decaauts)
 A = Elapsed time spent in this place.
 B = Non-inter-level travel time spent in this place.
 C = Inter-level travel time spent in this place.
 D = Time resting spent in this place.
 E = Time spent auto-exploring this place.
 F = Levels seen in this place.
 G = Mean time per level.
                   A        B        C        D        E       F      G
               +--------+--------+--------+--------+--------+-----+--------+
         Total |  18775 |  18052 |    723 |      0 |  13292 |  21 |  894.0 |
       Dungeon |   9934 |   9637 |    297 |      0 |   7329 |  12 |  827.8 |
        Temple |     28 |     28 |      0 |      0 |      0 |   1 |   28.0 |
          Lair |   7606 |   7180 |    426 |      0 |   5390 |   5 | 1521.2 |
         Swamp |     55 |     55 |      0 |      0 |     11 |   1 |   55.0 |
       Ossuary |    261 |    261 |      0 |      0 |     82 |   1 |  261.0 |
      Ice Cave |    889 |    889 |      0 |      0 |    480 |   1 |  889.0 |
               +--------+--------+--------+--------+--------+-----+--------+

Top non-repeatable levels by time:
  Lair:4: 2640 daAuts
  Lair:5: 1849 daAuts
     D:3: 1276 daAuts
  Lair:2: 1262 daAuts
     D:2: 1025 daAuts
  Lair:1: 967 daAuts
     D:1: 933 daAuts
    D:12: 903 daAuts
     D:6: 899 daAuts
   IceCv: 889 daAuts
  Lair:3: 886 daAuts
     D:8: 880 daAuts
     D:9: 826 daAuts
    D:10: 805 daAuts
     D:4: 784 daAuts
